 Dungeon Sprint DCSS version 0.27-a0-1119-gbf574a6a6b (webtiles) character file.

Game seed: 2641065682474706046

868 mhtbhm the Arsonist (level 7, -3/36 HPs)
             Began as a Deep Elf Fire Elementalist on May 2, 2021.
             Was a Priest of Vehumet.
             Slain by a +0 dire flail of holy wrath (31 damage)
             ... in the Dungeon (Sprint V: "Ziggurat Sprint").
             The game lasted 00:01:42 (494 turns).

mhtbhm the Arsonist (Deep Elf Fire Elementalist)     Turns: 494, Time: 00:01:43

Health: -3/36      AC:  5    Str:  5    XL:     7   Next: 73%
Magic:  18/22      EV: 16    Int: 34    God:    Vehumet [***...]
Gold:   0          SH:  0    Dex: 15    Spells: 10/26 levels left

rFire    + . .     SeeInvis .   C - +8 lance "Wyrmbane" {slay drac, rPois rF+ rC+ AC+3}
rCold    + . .     Faith    .   (no shield)
rNeg     . . .     Spirit   .   a - +0 robe
rPois    +         Reflect  .   (no helmet)
rElec    .         Harm     .   (no cloak)
rCorr    .         Rampage  .   (no gloves)
Will     .....     NoTele   +   (no boots)
Stlth    ++++......             (no amulet)
HPRegen  0.12/turn              u - +6 ring of intelligence
MPRegen  0.18/turn              v - +6 ring of intelligence

@: no status effects
A: no striking features
a: Renounce Religion


You were in the Dungeon.
You worshipped Vehumet.
Vehumet was most pleased with you.
You visited 1 branch

Inventory:

Hand Weapons
 C - the +8 lance "Wyrmbane" (weapon) {slay drac, rPois rF+ rC+ AC+3}
   (You found it in the Dungeon)

   It affects your AC (+3).
   It protects you from fire.
   It protects you from cold.
   It protects you from poison.
Armour
 a - a +0 robe (worn)
Jewellery
 u - a +6 ring of intelligence (left hand)
 v - a +6 ring of intelligence (right hand)
Wands
 y - a wand of mindburst (7)
 z - a wand of iceblast (3)
 A - a wand of acid (5)
Scrolls
 h - 4 scrolls of blinking
 m - 4 scrolls of amnesia
 n - 7 scrolls of fog
 o - a scroll of holy word
 p - 5 scrolls of identify
 q - 2 scrolls of fear
Potions
 b - 2 potions of brilliance
 c - 10 potions of curing
 d - 14 potions of heal wounds
 e - 10 potions of haste
 f - 7 potions of magic
 g - 3 potions of berserk rage
 i - 2 potions of invisibility
 j - 4 potions of resistance
 k - a potion of experience
 l - 5 potions of might
Miscellaneous
 r - a condenser vane (inert)
 s - a tin of tremorstones (inert)
 B - a lightning rod (4/4)


   Skills:
 + Level 7.7 Dodging
 + Level 7.1 Stealth
 + Level 10.0 Spellcasting
 + Level 2.0 Conjurations
 + Level 12.9 Fire Magic
 + Level 6.0 Evocations


You had 10 spell levels left.
You knew the following spells:

 Your Spells              Type           Power      Damage    Failure   Level
a - Foxfire               Conj/Fire      100%       2x1d9     1%          1
b - Conjure Flame         Conj/Fire      61%        6-21      1%          3
c - Inner Flame           Hex/Fire       57%        N/A       1%          3
d - Sticky Flame          Conj/Fire      61%        2d8       1%          4
e - Fireball              Conj/Fire      30%        3d13      1%          5

Your spell library contained the following spells:

 Spells                   Type           Power      Damage    Failure   Level
 Static Discharge         Conj/Air       23%        N/A       1%          2
 Mephitic Cloud           Conj/Pois/Air  21%        N/A       1%          3
 Stone Arrow              Conj/Erth      46%        3d9       1%          3
 Frozen Ramparts          Ice            34%        1d5       2%          3
 Corpse Rot               Necr/Air       N/A        N/A       4%          2
 Confusing Touch          Hex            17%        N/A       8%          3
 Gell's Gravitas          Tloc           8%         N/A       8%          3
 Ozocubu's Armour         Ice            17%        N/A       8%          3
 Yara's Violent Unravell  Hex/Tmut       8%         3d5       19%         5
 Animate Armour           Summ/Erth      34%        N/A       26%         4
 Petrify                  Tmut/Erth      17%        N/A       26%         4
 Summon Lightning Spire   Summ/Air       17%        N/A       26%         4
 Metabolic Englaciation   Hex/Ice        8%         N/A       58%         5
 Silence                  Hex/Air        8%         N/A       58%         5
 Shadow Creatures         Summ           N/A        N/A       99%         6
 Malign Gateway           Summ/Tloc      8%         N/A       100%        7
 Borgnjor's Revivificati  Necr           8%         N/A       100%        8
 Infestation              Necr           8%         N/A       100%        8
 Necromutation            Tmut/Necr      8%         N/A       100%        8
 Death's Door             Necr           8%         N/A       100%        9


Dungeon Overview and Level Annotations

Branches:
Dungeon (1/1)

Altars:
Ashenzari
Cheibriados
Dithmenos
Elyvilon
Fedhas
Gozag
Hepliaklqana
Kikubaaqudgha
Makhleb
Nemelex Xobeh
Okawaru
Qazlal
Ru
Sif Muna
Trog
Uskayaw
Vehumet
Wu Jian
Xom
Yredelemnul
Zin
The Shining One
Beogh
Jiyva
Lugonu

Annotations:
D 1 transporter


Message History

The deep elf zephyrmancer burns!
The deep elf zephyrmancer misses you.
Unknown command.
The tremorstone explodes into fragments!
The burst of rock shards engulfs the earth elemental but does no damage.
The burst of rock shards engulfs the deep elf knight!
The burst of rock shards engulfs the +0 dire flail of holy wrath.
The burst of rock shards engulfs the earth elemental but does no damage.
The burst of rock shards engulfs the deep elf knight!
The burst of rock shards engulfs the +0 dire flail of holy wrath!
The burst of rock shards engulfs the +0 dire flail of holy wrath.
The burst of rock shards engulfs the earth elemental but does no damage.
The burst of rock shards engulfs the deep elf knight!
The deep elf zephyrmancer burns!
The deep elf zephyrmancer barely misses you.
Unknown command.
Unknown command.
Unknown command.
Unknown command.
Unknown command.
Press: ? - help, v - describe, . - travel
Here: a +0 dire flail of holy wrath (moderately damaged)
The floor.
Unknown command.
Okay, then.
The tremorstone explodes into fragments!
The burst of rock shards engulfs the earth elemental.
The burst of rock shards engulfs the +0 dire flail of holy wrath but does no damage.
The burst of rock shards engulfs the deep elf zephyrmancer!
You kill the deep elf zephyrmancer!
Vehumet accepts your kill.
The burst of rock shards engulfs the deep elf knight!
You kill the deep elf knight!
Vehumet accepts your kill. The burst of rock shards engulfs you!
The burst of rock shards engulfs the earth elemental. x2
The burst of rock shards engulfs the +0 dire flail of holy wrath but does no damage.
The tin is emptied!
The +0 dire flail of holy wrath hits you!!
Ouch! That really hurt!
You die...

▓..©..▓..©..▓▓▓▓▓▓▓
▓▓▓▓▓▓▓▓▓▓▓▓▓▓
▓.§8§8§..▓
▓.§§§§§..▓
▓.§§§§§..▓
▓.§E§....▓
........▓
▓.▓.(..▓.▓
▓..)@....▓
▓▓▓▓▓▓▓▓▓▓


You could see an earth elemental and a +0 dire flail of holy wrath.

Vanquished Creatures
  A mummy priest (D)
  A deep elf knight (D)
  A deep elf zephyrmancer (D)
  An iron imp (D)
  4 mummies (D)
  A shadow imp (D)
  An ufetubus (D)
  An adder zombie (D)
11 creatures vanquished.

Notes
Turn   | Place    | Note
-------+----------+-------------------------------------------
     0 | D        | mhtbhm the Deep Elf Fire Elementalist began the quest for
                  | the Orb.
     0 | D        | Reached XP level 1. HP: 10/10 MP: 6/6
     0 | D        | Found a shimmering blue altar of Sif Muna.
     0 | D        | Found a bloodstained altar of Trog.
     0 | D        | Found a sacrificial altar of Ru.
     0 | D        | Found a stormy altar of Qazlal.
     0 | D        | Found an iron altar of Okawaru.
     1 | D        | Found a sparkling altar of Nemelex Xobeh.
     1 | D        | Found a blossoming altar of Fedhas.
     2 | D        | Found the +6 Majin-Bo {vamp, MP+6 Int+6}
     2 | D        | Found the +9 heavy crossbow "Sniper" {vorpal, Acc+∞ SInv}
     2 | D        | Found the +10 dark maul {vorpal}
     2 | D        | Found the +15 Maxwell's patent armour {-Cast -Tele rElec
                  | Will+ rCorr}
     2 | D        | Found the +18 shield of the Gong {rElec rN+ Will+ EV-5}
     2 | D        | Found the +14 obsidian axe {vorpal, Drain Fly SInv}
     2 | D        | Found the +7 great mace "Firestarter" {inner flame, rF++}
     2 | D        | Found the +6 shillelagh "Devastator" {shatter}
     2 | D        | Found the +11 plutonium sword {Contam Stlth-}
     2 | D        | Found the +8 lance "Wyrmbane" {slay drac, rPois rF+ rC+
                  | AC+3}
     2 | D        | Found the +9 sword of Zonguldrok {reap}
     2 | D        | Found the +13 scythe of Curses {drain, Drain}
     2 | D        | Found the +5 sword of Power {vorpal}
     2 | D        | Found the +7 mace of Variability {chain chaos}
     2 | D        | Found the +7 Singing Sword {vorpal, sonic wave}
     2 | D        | Found the +8 storm bow {elec, penet}
     3 | D        | Found a transporter.
     3 | D        | Found an ancient bone altar of Kikubaaqudgha.
     3 | D        | Found a viscous altar of Jiyva.
     3 | D        | Found a corrupted altar of Lugonu.
     3 | D        | Found a hazy altar of Hepliaklqana.
     3 | D        | Found a burning altar of Makhleb.
     3 | D        | Found an opulent altar of Gozag.
    35 | D        | Became a worshipper of Vehumet
    55 | D        | Entered arena 2.
    55 | D        | Found a transporter.
    59 | D        | Reached skill level 5 in Fire Magic
    59 | D        | Reached XP level 2. HP: 15/15 MP: 6/9
   190 | D        | Entered arena 3.
   190 | D        | Found a transporter.
   192 | D        | Reached * piety under Vehumet
   192 | D        | Offered knowledge of Magic Dart by Vehumet.
   193 | D        | Reached XP level 3. HP: 19/19 MP: 11/11
   193 | D        | Reached ** piety under Vehumet
   194 | D        | Reached skill level 5 in Spellcasting
   194 | D        | Reached skill level 6 in Fire Magic
   194 | D        | Reached skill level 1 in Evocations
   198 | D        | Learned a level 3 spell: Conjure Flame
   202 | D        | Learned a level 3 spell: Inner Flame
   209 | D        | Got Xeimaics's Almanac of Air and Ice
   315 | D        | Entered arena 4.
   315 | D        | Noticed a mummy priest
   315 | D        | Found a transporter.
   317 | D        | Reached XP level 4. HP: 24/24 MP: 13/13
   318 | D        | Reached skill level 7 in Fire Magic
   322 | D        | Killed a mummy priest
   322 | D        | Offered knowledge of Static Discharge by Vehumet.
   322 | D        | Reached *** piety under Vehumet
   323 | D        | Reached skill level 10 in Spellcasting
   323 | D        | Reached skill level 12 in Fire Magic
   323 | D        | Reached XP level 5. HP: 28/28 MP: 13/19
   323 | D        | Reached XP level 6. HP: 32/32 MP: 14/21
   323 | D        | Reached XP level 7. HP: 36/36 MP: 14/22
   468 | D        | Learned a level 4 spell: Sticky Flame
   474 | D        | Learned a level 5 spell: Fireball
   481 | D        | Got Nihimm's Disquisition on the Earthen Entourage
   490 | D        | Entered arena 5.
   490 | D        | Noticed a deep elf zephyrmancer
   490 | D        | Noticed a deep elf knight
   490 | D        | Noticed a +0 dire flail of holy wrath
   490 | D        | Found a transporter.
   494 | D        | Killed a deep elf zephyrmancer
   494 | D        | Killed a deep elf knight
   494 | D        | Slain by a +0 dire flail of holy wrath

Illustrated notes

Levels and vault maps discovered:
D:        sprint_v [room_start, room_1, room_2, room_3, room_4, room_5, room_6,
          room_7, room_8, room_9, room_10, room_11, room_12, room_13, room_14,
          room_15, room_16, room_17, room_18, room_19, room_20, room_21,
          room_22, room_23, room_24, room_25, room_26, room_27]

Skill      XL: |  1  2  3  4 |
---------------+-------------+-----
Dodging        | 3 4 7 |  7.7
Stealth        | 3 7 |  7.1
Spellcasting   | 4 5 10 | 10.0
Fire Magic     | 5 6 12 | 12.9
Evocations     | 1 6 |  6.0
Conjurations   | 2 |  2.0

Action                   |  1- 3 |  4- 6 |  7- 9 || total
-------------------------+-------+-------+-------++-------
 Cast: Sticky Flame      |       |       |     1 ||     1
Evoke: Wand              |     4 |     2 |       ||     6
       Lightning rod     |     2 |     4 |       ||     6
       Condenser vane    |     1 |       |     1 ||     2
       Tin of tremorston |       |       |     2 ||     2
Dodge: Dodged            |       |     1 |     2 ||     3

Table legend: (Time is in decaauts)
 A = Elapsed time spent in this place.
 B = Non-inter-level travel time spent in this place.
 C = Inter-level travel time spent in this place.
 D = Time resting spent in this place.
 E = Time spent auto-exploring this place.
 F = Levels seen in this place.
 G = Mean time per level.
                   A        B        C        D        E       F      G
               +--------+--------+--------+--------+--------+-----+--------+
         Total |    497 |    497 |      0 |    364 |      0 |   1 |  497.0 |
       Dungeon |    497 |    497 |      0 |    364 |      0 |   1 |  497.0 |
               +--------+--------+--------+--------+--------+-----+--------+

Top non-repeatable levels by time:
       D: 497 daAuts
